[Event "42nd Olympiad Baku 2016 Open"]
[Site "Baku"]
[Date "2016.09.06"]
[Round "5.36"]
[White "Gourlay, Iain"]
[Black "Roiz, Michael"]
[Result "0-1"]
[ECO "A13"]
[WhiteElo "2393"]
[BlackElo "2605"]
[Annotator ""]
[PlyCount "110"]
[EventDate "2016.??.??"]
[EventType "team-tourn"]
[EventCountry "AZE"]
[SourceTitle "playchess.com"]
[Source "ChessBase"]
[WhiteTeam "Scotland"]
[BlackTeam "Israel"]
[WhiteTeamCountry "SCO"]
[BlackTeamCountry "ISR"]
[TimeControl "40/5400+30:1800+30"]

1. Nf3 {(00:00)} d5 {(00:00)} 2. c4 {(00:05)} e6 {(
00:47)} 3. g3 {(00:29)} dxc4 {(00:39)} 4. Qa4+ {(00:47)}
Nd7 {(00:22)} 5. Bg2 {(00:51)} a6 {(00:32)} 6. Qxc4 {
(00:49)} b5 {(00:09)} 7. Qc2 {(01:09)} Bb7 {(00:27]
} 8. O-O {(04:55)} Ngf6 {(01:23)} 9. d3 {(13:42)} c5 {
(01:28)} 10. Nc3 {(10:43)} Be7 {(02:37)} 11. a4 {(
09:52)} Bc6 {(01:13)} 12. Nh4 {(08:40)} Bxg2 {(00:37)} 13.
Nxg2 {(00:26)} Rb8 {(00:08)} 14. axb5 {(01:57)} axb5 {
(00:24)} 15. Bf4 {(06:03)} Rb7 {(01:05)} 16. Ra6 {(
06:50)} O-O {(00:56)} 17. Rfa1 {(01:52)} Qc8 {(01:25)} 18.
R6a5 {(05:35)} Qc6 {(01:29)} 19. Ra6 {(00:24)} Qc8 {
(06:29)} 20. R6a5 {(00:58)} Qc6 {(02:01)} 21. Ra6 {
(01:07)} Rb6 {(04:09)} 22. Rxb6 {(01:01)} Nxb6 {(
01:07)} 23. Ra5 {(04:55)} b4 {(05:27)} 24. Na4 {(04:41)}
Nbd7 {(08:01)} 25. Qc4 {(04:11)} Ra8 {(05:17)} 26. Rxa8+ {
(00:15)} Qxa8 {(00:05)} 27. b3 {(06:13)} h6 {(03:
24)} 28. Bd2 {(02:46)} Ne5 {(11:08)} 29. Qc2 {(00:10)} Nc6
{(00:10)} 30. Be3 {(01:06)} Nd5 {(16:37)} 31. Nf4 {
(00:26)} Nxe3 {(02:14)} 32. fxe3 {(00:06)} g5 {(05:
46)} 33. Nh3 {(00:48)} Na5 {(03:28)} 34. Nb6 {(01:40)} Qa6
{(00:37)} 35. Nc4 {(00:07)} Nxc4 {(01:32)} 36. Qxc4 {
(00:58)} Qa1+ {(00:35)} 37. Kg2 {(00:11)} Qd1 {(01:
25)} 38. Ng1 {(01:14)} h5 {(02:03)} 39. h3 {(00:14)} Qe1 {
(05:39)} 40. g4 {(00:00)} h4 {(00:00)} 41. e4 {(14:
22)} Bd6 {(23:12)} 42. e5 {(07:27)} Qg3+ {(00:03)} 43. Kf1
{(00:09)} Qxe5 {(00:13)} 44. Nf3 {(03:45)} Qg3 {(
07:53)} 45. Nxg5 {(01:38)} Be7 {(03:02)} 46. Qc1 {(04:21)}
Kf8 {(03:29)} 47. Nh7+ {(01:50)} Kg7 {(00:38)} 48. Ng5 {
(00:12)} Kg6 {(00:43)} 49. Nf3 {(00:47)} Qxh3+ {(
00:01)} 50. Kf2 {(00:12)} Qg3+ {(00:06)} 51. Kf1 {(00:10)}
h3 {(01:19)} 52. Qe3 {(01:38)} Bf6 {(01:26)} 53. Qxc5 {
(00:56)} Qg2+ {(00:08)} 54. Ke1 {(00:08)} Bc3+ {(
00:13)} 55. Qxc3 {(00:44)} Qg3+ {(00:19)} 0-1

[Event "42nd Olympiad Baku 2016 Open"]
[Site "Baku"]
[Date "2016.09.06"]
[Round "5.27"]
[White "Gurbanov, Andrei"]
[Black "Stachanczyk, Jacek"]
[Result "1-0"]
[ECO "D18"]
[WhiteElo "2322"]
[BlackElo "2192"]
[Annotator ""]
[PlyCount "51"]
[EventDate "2016.??.??"]
[EventType "team-tourn"]
[EventCountry "AZE"]
[SourceTitle "playchess.com"]
[Source "ChessBase"]
[WhiteTeam "IPCA"]
[BlackTeam "IBCA"]
[WhiteTeamCountry "ISR"]
[BlackTeamCountry "POL"]
[TimeControl "40/5400+30:1800+30"]

1. d4 {(00:00)} d5 {(00:00)} 2. c4 {(00:00)} c6 {(
00:00)} 3. Nf3 {(00:00)} Nf6 {(00:00)} 4. Nc3 {(00:22)}
dxc4 {(00:00)} 5. a4 {(00:06)} Bf5 {(00:08)} 6. e3 {
(00:09)} e6 {(00:29)} 7. Bxc4 {(00:10)} Bb4 {(00:
12)} 8. O-O {(00:24)} O-O {(03:23)} 9. Nh4 {(01:05)} Nbd7
{(31:16)} 10. f3 {(04:15)} Nb6 {(04:58)} 11. Bb3 {(
03:58)} Nfd5 {(00:23)} 12. Nxf5 {(02:02)} exf5 {(14:24)}
13. Qd3 {(00:33)} Qd7 {(00:34)} 14. a5 {(03:17)} Nc8 {
(01:35)} 15. e4 {(11:22)} Nde7 {(03:55)} 16. Bc2 {(
00:54)} g6 {(06:09)} 17. Qc4 {(09:30)} Bxc3 {(05:01)} 18.
bxc3 {(00:47)} Nd6 {(09:01)} 19. Qb4 {(05:24)} Kg7 {
(02:13)} 20. Bf4 {(02:28)} Rfd8 {(01:10)} 21. Rab1 {
(01:52)} Nb5 {(05:48)} 22. Rfd1 {(00:51)} fxe4 {(
01:57)} 23. fxe4 {(00:20)} f6 {(01:39)} 24. Kh1 {(01:06)}
Re8 {(03:02)} 25. d5 {(02:05)} Qg4 26. e5 {(02:35)} 1-0

[Event "42nd Olympiad Baku 2016 Open"]
[Site "Baku"]
[Date "2016.09.06"]
[Round "5.27"]
[White "Guseinov, Gadir"]
[Black "Odeev, Handszar"]
[Result "1-0"]
[ECO "B56"]
[WhiteElo "2625"]
[BlackElo "2401"]
[Annotator ""]
[PlyCount "59"]
[EventDate "2016.??.??"]
[EventType "team-tourn"]
[EventCountry "AZE"]
[SourceTitle "playchess.com"]
[Source "ChessBase"]
[WhiteTeam "Azerbaijan"]
[BlackTeam "Turkmenistan"]
[WhiteTeamCountry "AZE"]
[BlackTeamCountry "TKM"]
[TimeControl "40/5400+30:1800+30"]

1. e4 {(00:00)} c5 {(00:58)} 2. Nc3 {(00:00)} d6 {(
00:56)} 3. Nf3 {(00:14)} Nf6 {(00:19)} 4. d4 {(00:04)}
cxd4 {(00:08)} 5. Nxd4 {(00:04)} Bd7 {(02:14)} 6. Bg5 {
(03:25)} e6 {(00:36)} 7. Ndb5 {(03:12)} Bc6 {(03:
52)} 8. Bxf6 {(01:30)} gxf6 {(00:10)} 9. Qh5 {(00:36)} a6
{(11:23)} 10. Nd4 {(00:22)} Bd7 {(08:50)} 11. O-O-O {
(29:25)} Nc6 {(11:12)} 12. Nb3 {(05:11)} Qb6 {(04:
52)} 13. Rd2 {(06:54)} Be7 {(04:06)} 14. f4 {(02:17)}
O-O-O {(02:21)} 15. g3 {(01:15)} h6 {(08:20)} 16. Bh3 {
(04:14)} Rh7 {(00:35)} 17. Re1 {(02:31)} Bf8 {(11:
32)} 18. Kb1 {(04:28)} Qc7 {(01:26)} 19. f5 {(02:14)} Be7
{(10:44)} 20. Ne2 {(03:16)} Kb8 {(03:07)} 21. Nf4 {
(00:16)} Qc8 {(00:01)} 22. Re3 {(01:30)} Rg8 {(02:
16)} 23. Rc3 {(01:59)} Rg5 {(02:23)} 24. Qd1 {(00:24)} Rh8
{(06:47)} 25. Na5 {(05:19)} e5 {(02:11)} 26. Nd5 {(
00:24)} Bd8 {(00:57)} 27. Nc4 {(03:14)} Bc7 {(00:40)} 28.
Nxf6 {(03:54)} Rd8 {(00:33)} 29. Nxd6 {(00:34)} Bxd6 {
(00:28)} 30. Rxd6 {(00:08)} 1-0

[Event "42nd Olympiad Baku 2016 Open"]
[Site "Baku"]
[Date "2016.09.06"]
[Round "5.19"]
[White "Hague, Ben"]
[Black "Alfaro, William"]
[Result "1-0"]
[ECO "B76"]
[WhiteElo "2341"]
[BlackElo "2188"]
[Annotator ""]
[PlyCount "91"]
[EventDate "2016.??.??"]
[EventType "team-tourn"]
[EventCountry "AZE"]
[SourceTitle "playchess.com"]
[Source "ChessBase"]
[WhiteTeam "New Zealand"]
[BlackTeam "Nicaragua"]
[WhiteTeamCountry "NZL"]
[BlackTeamCountry "NCA"]
[TimeControl "40/5400+30:1800+30"]

1. e4 {(00:00)} c5 {(00:05)} 2. Nf3 {(00:00)} d6 {(
00:05)} 3. d4 {(00:00)} cxd4 {(00:04)} 4. Nxd4 {(00:00)}
Nf6 {(00:04)} 5. Nc3 {(00:00)} g6 {(00:03)} 6. Be3 {
(00:10)} Bg7 {(00:04)} 7. f3 {(00:17)} Nc6 {(00:11]
} 8. Qd2 {(00:12)} O-O {(00:05)} 9. O-O-O {(00:37)} d5 {
(00:09)} 10. Qe1 {(00:14)} e5 {(00:46)} 11. Nxc6 {(
00:16)} bxc6 {(00:03)} 12. exd5 {(00:14)} Nxd5 {(01:15)}
13. Bc4 {(01:49)} Be6 {(00:39)} 14. Kb1 {(01:40)} Qc7 {
(23:22)} 15. Nxd5 {(04:50)} cxd5 {(00:07)} 16. Bxd5 {
(00:27)} Bxd5 {(09:21)} 17. Rxd5 {(00:08)} Qb7 {(
16:30)} 18. Rd3 {(18:57)} a5 {(00:08)} 19. Bc1 {(04:42)}
f5 {(06:51)} 20. Qc3 {(08:33)} Kh8 {(02:36)} 21. Qb3 {
(04:11)} Qc7 {(01:50)} 22. Rhd1 {(01:24)} a4 {(08:
53)} 23. Qc3 {(05:20)} Qb6 {(12:06)} 24. Rd7 {(08:36)}
Rac8 {(02:36)} 25. Qa3 {(13:26)} Qc6 {(00:39)} 26. c3 {
(00:41)} Rfe8 {(01:19)} 27. Qd6 {(01:01)} a3 {(02:
09)} 28. Qxc6 {(10:43)} Rxc6 {(00:02)} 29. Rd8 {(01:18)}
Rce6 {(01:02)} 30. Rxe8+ {(01:29)} Rxe8 {(00:02)} 31. bxa3
{(00:22)} e4 {(00:02)} 32. fxe4 {(00:21)} fxe4 {(
00:01)} 33. Kc2 {(01:12)} Be5 {(00:41)} 34. g3 {(02:20)}
Rc8 {(02:13)} 35. Bb2 {(01:24)} Rf8 {(01:47)} 36. Rd2 {
(00:26)} Kg7 {(01:01)} 37. Re2 {(01:05)} Kh6 {(00:
44)} 38. Bc1+ {(02:32)} Kh5 {(00:59)} 39. Rxe4 {(00:50)}
Rf2+ {(00:03)} 40. Bd2 {(00:00)} Bf6 {(00:00)} 41. Rf4 {
(01:59)} Rxf4 {(05:27)} 42. Bxf4 {(00:06)} Kg4 {(
00:05)} 43. c4 {(00:23)} Be7 {(00:36)} 44. a4 {(01:27)} g5
{(01:09)} 45. Bb8 {(00:39)} Kh3 {(00:04)} 46. a5 {(
00:43)} 1-0

[Event "42nd Olympiad Baku 2016 Open"]
[Site "Baku"]
[Date "2016.09.06"]
[Round "5.32"]
[White "Halkias, Stelios"]
[Black "Shanmugam, Ravindran"]
[Result "1-0"]
[ECO "D56"]
[WhiteElo "2565"]
[BlackElo "2345"]
[Annotator ""]
[PlyCount "81"]
[EventDate "2016.??.??"]
[EventType "team-tourn"]
[EventCountry "AZE"]
[SourceTitle "playchess.com"]
[Source "ChessBase"]
[WhiteTeam "Greece"]
[BlackTeam "Singapore"]
[WhiteTeamCountry "GRE"]
[BlackTeamCountry "SIN"]
[TimeControl "40/5400+30:1800+30"]

1. Nf3 {(00:00)} d5 {(00:00)} 2. d4 {(00:49)} Nf6 {
(00:21)} 3. c4 {(00:27)} e6 {(00:38)} 4. Nc3 {(03:
11)} Be7 {(00:49)} 5. Bg5 {(01:31)} h6 {(01:18)} 6. Bh4 {
(00:50)} O-O {(01:54)} 7. e3 {(00:42)} Ne4 {(01:49]
} 8. Bxe7 {(02:22)} Qxe7 {(00:16)} 9. Rc1 {(00:16)} Rd8 {
(07:13)} 10. Qc2 {(07:38)} Nxc3 {(17:05)} 11. Qxc3 {
(00:23)} dxc4 {(02:21)} 12. Bxc4 {(12:59)} Nd7 {(
13:34)} 13. Be2 {(02:55)} c6 {(00:33)} 14. O-O {(00:19)}
Nf6 {(03:28)} 15. a3 {(06:29)} Bd7 {(02:13)} 16. Rfd1 {
(00:29)} Be8 {(01:14)} 17. Ne5 {(03:37)} Rac8 {(01:
37)} 18. b4 {(06:18)} Nd7 {(05:32)} 19. Nd3 {(04:10)} Nf6
{(05:43)} 20. Bf3 {(01:45)} Rc7 {(01:49)} 21. Qc5 {
(14:13)} Qxc5 {(02:43)} 22. bxc5 {(00:40)} b6 {(05:
16)} 23. Nb4 {(04:48)} Rdc8 {(03:42)} 24. Na6 {(06:17)}
Rd7 {(03:21)} 25. h4 {(06:09)} Kf8 {(01:32)} 26. a4 {
(01:34)} Nd5 {(02:38)} 27. Rd2 {(02:06)} Nc7 {(04:
22)} 28. Nb4 {(02:35)} Nd5 {(00:18)} 29. Nd3 {(01:53)}
Rdc7 {(02:13)} 30. Rb2 {(00:25)} Ke7 {(06:43)} 31. e4 {
(02:25)} Nf6 {(00:14)} 32. cxb6 {(00:29)} axb6 {(
00:10)} 33. Rxb6 {(00:25)} c5 {(02:09)} 34. d5 {(01:48)}
exd5 {(00:40)} 35. exd5 {(00:04)} Kd8 {(00:54)} 36. d6 {
(01:45)} Ra7 {(00:21)} 37. Nxc5 {(00:36)} Bxa4 {(
00:42)} 38. Nb7+ {(01:00)} Kd7 {(00:25)} 39. Re1 {(01:22)}
Re8 {(00:37)} 40. Nc5+ {(00:00)} Kc8 {(00:00)} 41. Rc1 {
(01:15)} 1-0

[Event "42nd Olympiad Baku 2016 Open"]
[Site "Baku"]
[Date "2016.09.06"]
[Round "5.8"]
[White "Hamblok, Roel"]
[Black "Urkedal, Frode"]
[Result "0-1"]
[ECO "A45"]
[WhiteElo "2282"]
[BlackElo "2537"]
[Annotator ""]
[PlyCount "106"]
[EventDate "2016.??.??"]
[EventType "team-tourn"]
[EventCountry "AZE"]
[SourceTitle "playchess.com"]
[Source "ChessBase"]
[WhiteTeam "Belgium"]
[BlackTeam "Norway"]
[WhiteTeamCountry "BEL"]
[BlackTeamCountry "NOR"]
[TimeControl "40/5400+30:1800+30"]

1. d4 {(00:00)} Nf6 {(00:00)} 2. Bf4 {(00:06)} e6 {
(00:54)} 3. e3 {(00:08)} b6 {(01:14)} 4. Nf3 {(01:
49)} Bb7 {(00:01)} 5. Bd3 {(00:24)} Be7 {(00:08)} 6. h3 {
(00:20)} O-O {(01:02)} 7. Nbd2 {(00:54)} c5 {(02:
50)} 8. c3 {(01:05)} Nc6 {(00:17)} 9. a3 {(01:55)} d5 {
(03:00)} 10. Qb1 {(11:27)} Bd6 {(03:55)} 11. Ne5 {(
16:09)} Qc7 {(02:37)} 12. Ndf3 {(01:38)} Ne4 {(02:21)} 13.
Nxc6 {(01:07)} Bxf4 {(02:18)} 14. Nce5 {(01:02)} Bxe5 {
(05:14)} 15. Nxe5 {(01:31)} Rac8 {(02:52)} 16. O-O {
(08:37)} Kh8 {(12:04)} 17. Qd1 {(14:03)} f6 {(01:
49)} 18. Nf3 {(01:10)} Rcd8 {(02:50)} 19. Rc1 {(02:22)} e5
{(03:45)} 20. Qe2 {(07:11)} Qe7 {(07:04)} 21. Rfd1 {
(04:15)} Nd6 {(08:24)} 22. Bb1 {(07:40)} e4 {(02:
44)} 23. Nd2 {(00:34)} f5 {(00:33)} 24. f3 {(00:51)} exf3
{(07:47)} 25. Nxf3 {(00:08)} Nc4 {(01:00)} 26. Re1 {
(01:08)} Rde8 {(00:27)} 27. Qf2 {(06:35)} Nxe3 {(
06:46)} 28. Ne5 {(00:12)} f4 {(00:27)} 29. Rxe3 {(05:40)}
fxe3 {(00:28)} 30. Qxe3 {(00:02)} Bc8 {(02:33)} 31. Bg6 {
(02:58)} Rd8 {(00:32)} 32. Re1 {(02:05)} Qf6 {(01:
21)} 33. Bd3 {(00:30)} c4 {(02:20)} 34. Be2 {(00:49)} b5 {
(03:34)} 35. Rf1 {(00:22)} Qe6 {(00:37)} 36. Re1 {(
00:13)} a5 {(00:39)} 37. Qg3 {(00:22)} b4 {(00:43)} 38.
axb4 {(00:06)} axb4 {(00:06)} 39. Bh5 {(01:10)} Qf6 {
(01:36)} 40. Qe3 {(00:00)} b3 {(00:00)} 41. Bf3 {(
07:46)} Bf5 {(04:24)} 42. Ra1 {(00:55)} Qb6 {(01:55)} 43.
Qg5 {(00:51)} Kg8 {(01:55)} 44. Qe7 {(05:40)} Qf6 {
(03:20)} 45. Qb7 {(02:21)} Be4 {(01:01)} 46. Bxe4 {
(10:37)} dxe4 {(00:27)} 47. Qxe4 {(00:07)} Qf2+ {(
00:13)} 48. Kh2 {(01:08)} Qxb2 {(00:37)} 49. Ra7 {(00:06)}
Qc1 {(01:21)} 50. Qc6 {(04:32)} Qf4+ {(00:54)} 51. Kg1 {
(00:07)} b2 {(04:22)} 52. Qxc4+ {(00:04)} Kh8 {(00:
14)} 53. Rb7 {(00:35)} Qc1+ 0-1

[Event "42nd Olympiad Baku 2016 Open"]
[Site "Baku"]
[Date "2016.09.06"]
[Round "5.32"]
[White "Hanoeman, Suradj"]
[Black "Yakubboev, Nodirbek"]
[Result "0-1"]
[ECO "A80"]
[WhiteElo "2012"]
[BlackElo "2431"]
[Annotator ""]
[PlyCount "94"]
[EventDate "2016.??.??"]
[EventType "team-tourn"]
[EventCountry "AZE"]
[SourceTitle "playchess.com"]
[Source "ChessBase"]
[WhiteTeam "Surinam"]
[BlackTeam "Uzbekistan"]
[WhiteTeamCountry "SUR"]
[BlackTeamCountry "UZB"]
[TimeControl "40/5400+30:1800+30"]

1. d4 {(00:00)} f5 {(01:23)} 2. Nc3 {(01:05)} Nf6 {
(01:48)} 3. Bg5 {(00:09)} d5 {(01:27)} 4. Bxf6 {(
00:33)} exf6 {(00:09)} 5. e3 {(00:06)} Be6 {(01:36)} 6.
Qf3 {(01:32)} Nc6 {(03:39)} 7. Bd3 {(00:10)} Qd7 {(
03:16)} 8. a3 {(01:09)} g6 {(06:47)} 9. h4 {(01:21)} h5 {
(02:21)} 10. Nh3 {(00:31)} Ne7 {(01:10)} 11. O-O-O {
(03:24)} O-O-O {(02:15)} 12. Ne2 {(00:36)} Kb8 {(
01:35)} 13. Kb1 {(00:44)} Nc8 {(02:28)} 14. Nhf4 {(00:39)}
Bf7 {(00:17)} 15. Ng3 {(01:03)} c6 {(05:38)} 16. Rc1 {
(07:28)} Nd6 {(01:32)} 17. Qe2 {(02:25)} Bh6 {(15:
34)} 18. Qd2 {(04:50)} Qc7 {(02:46)} 19. Qb4 {(06:49)} Ne4
{(07:23)} 20. Bxe4 {(04:14)} fxe4 {(02:10)} 21. Nge2 {
(02:12)} Bf8 {(04:42)} 22. Qd2 {(02:36)} g5 {(01:
39)} 23. Nh3 {(00:43)} Be7 {(01:16)} 24. f4 {(01:37)} exf3
{(03:54)} 25. gxf3 {(00:31)} Rdg8 {(01:58)} 26. Rcf1 {
(03:01)} Be6 {(02:58)} 27. f4 {(02:52)} Qd7 {(07:
00)} 28. Nf2 {(01:40)} gxh4 {(01:36)} 29. Rxh4 {(00:54)}
Bf5 {(01:41)} 30. e4 {(03:21)} dxe4 {(00:48)} 31. Qe3 {
(00:27)} Bg6 {(10:52)} 32. Nxe4 {(03:01)} f5 {(00:
42)} 33. Nc5 {(00:19)} Qd6 {(00:17)} 34. Qb3 {(00:45)} b6
{(00:35)} 35. Rh3 {(00:39)} Rg7 {(00:54)} 36. Nd3 {
(04:06)} Bf7 {(00:36)} 37. Qc3 {(00:31)} Bd5 {(00:
41)} 38. Ne5 {(01:13)} h4 {(00:36)} 39. Qe3 {(01:22)} Rhg8
{(00:32)} 40. Rfh1 {(00:00)} Bxh1 {(00:00)} 41. Rxh1 {
(03:39)} Qd5 {(02:02)} 42. Re1 {(00:53)} Qe4 {(08:
58)} 43. Qc3 {(01:05)} Kb7 {(01:27)} 44. d5 {(00:56)} Qxd5
{(01:02)} 45. Nd4 {(00:36)} Rg1 {(00:52)} 46. Nxf5 {
(01:01)} Bc5 {(00:57)} 47. Ne3 {(00:35)} Qd4 {(00:
48)} 0-1

[Event "42nd Olympiad Baku 2016 Open"]
[Site "Baku"]
[Date "2016.09.06"]
[Round "5.40"]
[White "Hansen, Eric"]
[Black "Gonzalez Vidal, Yuri"]
[Result "1-0"]
[ECO "B12"]
[WhiteElo "2582"]
[BlackElo "2553"]
[Annotator ""]
[PlyCount "61"]
[EventDate "2016.??.??"]
[EventType "team-tourn"]
[EventCountry "AZE"]
[SourceTitle "playchess.com"]
[Source "ChessBase"]
[WhiteTeam "Canada"]
[BlackTeam "Cuba"]
[WhiteTeamCountry "CAN"]
[BlackTeamCountry "CUB"]
[TimeControl "40/5400+30:1800+30"]

1. e4 {(00:00)} c6 {(00:00)} 2. d4 {(06:28)} d5 {(
00:11)} 3. e5 {(00:03)} Bf5 {(00:14)} 4. Nf3 {(00:10)} e6
{(00:10)} 5. Be2 {(00:04)} Nd7 {(00:15)} 6. O-O {(
02:31)} h6 {(00:21)} 7. Nbd2 {(03:39)} Ne7 {(00:30)} 8.
Nb3 {(00:18)} g5 {(00:22)} 9. Ne1 {(11:43)} Qc7 {(
00:46)} 10. Bh5 {(27:27)} c5 {(06:28)} 11. f4 {(05:53)} c4
{(33:05)} 12. Nd2 {(04:42)} gxf4 {(02:27)} 13. Rxf4 {
(00:11)} Bg7 {(03:55)} 14. Nf1 {(00:58)} Qb6 {(17:
10)} 15. Ne3 {(08:21)} O-O {(04:59)} 16. Nf3 {(08:34)} f6
{(02:32)} 17. Nxf5 {(00:05)} Nxf5 {(00:22)} 18. Rxf5 {
(00:11)} exf5 {(00:34)} 19. e6 {(00:07)} Qxe6 {(01:
03)} 20. Bf4 {(00:04)} Ne5 {(09:10)} 21. Nh4 {(00:41)} Nc6
{(00:09)} 22. Qd2 {(00:41)} Rae8 {(04:23)} 23. c3 {
(00:58)} Qe4 {(04:06)} 24. h3 {(02:05)} Rf7 {(04:
52)} 25. Qf2 {(01:41)} Rfe7 {(00:45)} 26. Qg3 {(05:31)}
Rd7 {(03:28)} 27. Bg6 {(03:08)} Nd8 {(00:30)} 28. Nxf5 {
(01:38)} Qe6 {(00:35)} 29. Bxh6 {(01:42)} Ree7 {(
00:32)} 30. Bxg7 {(00:20)} Rxg7 {(00:28)} 31. Re1 {(00:05]
} 1-0

[Event "42nd Olympiad Baku 2016 Open"]
[Site "Baku"]
[Date "2016.09.06"]
[Round "5.25"]
[White "Harper, Ryan"]
[Black "Predojevic, Borki"]
[Result "0-1"]
[ECO "C41"]
[WhiteElo "2215"]
[BlackElo "2642"]
[Annotator ""]
[PlyCount "76"]
[EventDate "2016.??.??"]
[EventType "team-tourn"]
[EventCountry "AZE"]
[SourceTitle "playchess.com"]
[Source "ChessBase"]
[WhiteTeam "TTO"]
[BlackTeam "Bosnia  Herzegovina"]
[BlackTeamCountry "BIH"]
[TimeControl "40/5400+30:1800+30"]

1. e4 {(00:00)} d6 {(00:00)} 2. d4 {(00:00)} Nf6 {(
00:00)} 3. Nc3 {(00:06)} e5 {(00:00)} 4. Nf3 {(00:12)}
Nbd7 {(00:00)} 5. Bc4 {(00:10)} Be7 {(00:07)} 6. a4 {
(00:08)} O-O {(00:25)} 7. O-O {(00:08)} c6 {(00:05]
} 8. h3 {(10:15)} a5 {(05:23)} 9. Re1 {(00:32)} exd4 {
(05:43)} 10. Nxd4 {(00:49)} Nc5 {(00:05)} 11. Ba2 {
(15:02)} Be6 {(24:04)} 12. Nxe6 {(01:45)} fxe6 {(
00:15)} 13. e5 {(15:46)} Nd5 {(06:39)} 14. Qg4 {(27:05)}
dxe5 {(08:28)} 15. Rxe5 {(09:10)} Bf6 {(05:38)} 16. Bg5 {
(03:09)} Bxg5 {(01:24)} 17. Rxg5 {(00:21)} Qf6 {(
00:09)} 18. Nd1 {(05:05)} Ne4 {(06:35)} 19. Rh5 {(01:56)}
Nf4 {(07:45)} 20. Rh4 {(03:18)} g5 {(00:11)} 21. Kh1 {
(04:24)} Rad8 {(05:01)} 22. Qf3 {(01:01)} gxh4 {(
05:34)} 23. Qxe4 {(00:03)} Qg6 {(00:12)} 24. Qxg6+ {(00:
34)} hxg6 {(00:05)} 25. g3 {(00:13)} hxg3 {(00:44)} 26.
fxg3 {(00:07)} Ne2 {(00:08)} 27. Bxe6+ {(00:08)} Kg7 {
(00:05)} 28. Nc3 {(01:46)} Nxg3+ {(01:02)} 29. Kg2 {
(00:27)} Nh5 {(00:08)} 30. Bg4 {(00:36)} Rd2+ {(00:
09)} 31. Kg1 {(00:15)} Ng3 {(00:10)} 32. Rd1 {(00:45)}
Rff2 {(01:40)} 33. Rxd2 {(00:17)} Rxd2 {(00:05)} 34. Bc8 {
(00:44)} Rxc2 {(00:17)} 35. Bxb7 {(00:07)} Rxb2 {(
00:08)} 36. Bxc6 {(00:06)} Rc2 {(00:12)} 37. Ne4 {(00:04)}
Nxe4 {(00:31)} 38. Bxe4 {(00:05)} Rc4 {(00:03)} 0-1

[Event "42nd Olympiad Baku 2016 Open"]
[Site "Baku"]
[Date "2016.09.06"]
[Round "5.20"]
[White "Hassuji, Nurdin"]
[Black "Jallow, Amadou"]
[Result "1-0"]
[ECO "B00"]
[WhiteElo "1732"]
[BlackElo "2011"]
[Annotator ""]
[PlyCount "162"]
[EventDate "2016.??.??"]
[EventType "team-tourn"]
[EventCountry "AZE"]
[SourceTitle "playchess.com"]
[Source "ChessBase"]
[WhiteTeam "Tanzania"]
[BlackTeam "Gambia"]
[WhiteTeamCountry "TAN"]
[BlackTeamCountry "GAM"]
[TimeControl "40/5400+30:1800+30"]

1. e4 {(00:00)} d6 {(00:00)} 2. d4 {(00:01)} a6 {(
01:01)} 3. Nf3 {(00:47)} e6 {(00:54)} 4. Bd3 {(00:56)} Be7
{(00:42)} 5. O-O {(00:32)} Nf6 {(00:13)} 6. Nbd2 {(
01:29)} O-O {(00:10)} 7. Re1 {(00:13)} Nbd7 {(00:34)} 8.
Nf1 {(00:46)} e5 {(01:38)} 9. c3 {(02:50)} b5 {(00:
59)} 10. Ng3 {(01:22)} c5 {(02:17)} 11. Bg5 {(04:34)} c4 {
(00:39)} 12. Bc2 {(00:30)} h6 {(01:57)} 13. Bd2 {(
02:02)} Re8 {(02:09)} 14. a4 {(00:54)} Bb7 {(01:29)} 15.
Qe2 {(04:56)} Kh8 {(05:30)} 16. h3 {(05:48)} Qc7 {(
01:23)} 17. Be3 {(01:57)} Nf8 {(01:31)} 18. Qd2 {(04:24)}
Kh7 {(00:42)} 19. d5 {(01:21)} N8d7 {(07:07)} 20. axb5 {
(05:24)} axb5 {(00:03)} 21. Nf5 {(00:47)} Bf8 {(01:
05)} 22. Qe2 {(06:17)} Nc5 {(04:51)} 23. Bxc5 {(04:15)}
Qxc5 {(00:19)} 24. Nh2 {(01:51)} Ra7 {(01:38)} 25. Qe3 {
(06:33)} Rxa1 {(00:21)} 26. Rxa1 {(00:12)} Qc7 {(
04:00)} 27. Qf3 {(03:46)} Ra8 28. Rxa8 Bxa8 {(02:17)} 29. Ng4 {
(02:44)} Nxg4 {(04:43)} 30. Qxg4 {(00:51)} Qa7 {(
01:22)} 31. Qd1 {(01:30)} Bb7 {(01:30)} 32. Kf1 {(02:12)}
Bc8 {(04:46)} 33. Ng3 {(04:27)} g6 {(01:34)} 34. Qe1 {
(06:38)} Be7 {(01:10)} 35. Kg1 {(02:47)} Bh4 {(01:
09)} 36. Kh2 {(00:31)} Bg5 {(01:06)} 37. Ne2 {(09:01)} f5
{(03:18)} 38. f3 {(02:34)} f4 {(01:11)} 39. Nc1 Qa1 {
(03:51)} 40. b3 {(07:46)} Qb2 41. Qd2 Bh4 {(04:14)} 42.
bxc4 {(02:34)} bxc4 {(00:03)} 43. Ne2 {(01:02)} Bf2 {
(01:25)} 44. Nxf4 {(07:44)} Bb6 {(04:13)} 45. Ne2 {
(07:37)} Ba5 {(00:56)} 46. Qc1 {(03:32)} Qxc1 {(05:
06)} 47. Nxc1 {(00:04)} Bxc3 {(00:27)} 48. g3 {(02:20)} g5
{(01:04)} 49. Ne2 {(01:25)} Bd2 {(00:15)} 50. Kg2 {
(01:52)} Kg7 {(00:42)} 51. g4 {(01:05)} Bd7 {(00:
41)} 52. Ng3 {(01:17)} Bb4 {(01:14)} 53. Nf5+ {(01:00)}
Kg6 {(00:18)} 54. Ne7+ {(01:16)} Kh7 {(00:22)} 55. Nf5 {
(00:30)} Bb5 {(00:36)} 56. Ne7 {(00:34)} Be8 {(01:
00)} 57. Nf5 {(00:55)} Bc5 {(00:23)} 58. h4 {(00:39)} Bf7
{(01:17)} 59. h5 {(00:31)} Ba3 {(00:52)} 60. Ne3 {(
00:36)} Bc5 {(00:38)} 61. Nf5 {(00:15)} Be8 {(00:20)} 62.
Kf1 {(00:33)} Bb5 {(00:18)} 63. Kg2 {(00:50)} c3 {(
00:21)} 64. Ne7 {(00:41)} Be3 {(01:31)} 65. Nf5 {(00:24)}
Bc1 {(00:14)} 66. Nxd6 {(00:13)} Bd7 {(00:26)} 67. Nc4 {
(00:22)} Bf4 {(00:08)} 68. d6 {(00:39)} Bc1 {(04:
42)} 69. Nb6 {(00:18)} Be6 {(00:38)} 70. d7 {(00:12)} Bxd7
{(00:08)} 71. Nxd7 {(00:06)} Bf4 {(00:05)} 72. Nb6 {
(00:25)} Kg7 {(00:14)} 73. Kf1 {(00:29)} Kf7 {(00:
21)} 74. Nd5 {(00:28)} Bd2 {(00:07)} 75. Ke2 {(00:18)} Kg7
{(04:49)} 76. Kd3 {(00:11)} Be1 {(01:21)} 77. Nxc3 {
(00:14)} Bxc3 {(00:05)} 78. Kxc3 {(00:14)} Kf6 79. Kc4 Ke6
{(01:01)} 80. Kc5 {(00:41)} Kd7 {(00:33)} 81. Kd5 {
(00:19)} Kc7 {(00:07)} 1-0